 Dungeon Crawl Stone Soup version 0.31-a0-18-gea43df2a32 (webtiles) character file.

Game seed: 14087639716526538922

188489 vineage the Impaler (level 18, -2/162 HPs)
             Began as a Merfolk Fighter on May 12, 2023.
             Was a High Priest of Okawaru.
             Slain by a nagaraja
             ... wielding a +0 club
              (25 damage)
             ... on level 4 of the Snake Pit.
             The game lasted 00:34:10 (31517 turns).

vineage the Impaler (Merfolk Fighter)              Turns: 31517, Time: 00:34:10

Health: -2/162     AC: 33    Str: 28    XL:     18   Next: 54%
Magic:  22/24      EV: 18    Int: 14    God:    Okawaru [*****.]
Gold:   2971       SH: 26    Dex: 18    Spells: 17/17 levels left

rFire   + . .        M - +11 trident "Qaih Dun" {drain, Contam rF+ Int+3 SInv}
rCold   + + .        s - +0 tower shield
rNeg    . . .        W - +12 chain mail "Kutaomn" {rElec rC+ Str+2 Int+4}
rPois   +            q - +0 helmet
rElec   +            F - scarf {rC+ rF+}
rCorr   +            O - +2 pair of gloves "Jassulink" {Fly rF- rCorr Slay+2}
SInv    +            B - +0 pair of boots
Will    +....        I - amulet of reflection Stlth
                     c - +6 ring of strength
HPRegen 0.47/turn    l - ring of poison resistance
MPRegen 0.19/turn

%: reflection
@: mighty, lethally poisoned (-2 -> -7), heroic, finesse-ful, weakened,
untranslocatable, flying, constricted, studying Fighting
A: (nimble swimmer 2), mertail
a: Renounce Religion, Heroism, Finesse, Duel


You were on level 4 of the Snake Pit.
You worshipped Okawaru.
Okawaru was extremely pleased with you.
You visited 5 branches of the dungeon, and saw 27 of its levels.
You visited the Abyss 1 time.
You also visited: Sewer, Ossuary and Bailey.

You collected 3294 gold pieces.
You spent 323 gold pieces at shops.

Inventory:

Hand Weapons
 a - a +1 spectral trident
 M - the +11 trident "Qaih Dun" (weapon) {drain, Contam rF+ Int+3 SInv}
   (Okawaru gifted it to you on level 9 of the Dungeon)

   Int:       It affects your intelligence (+3).
   rF:        It protects you from fire.
   SInv:      It lets you see invisible.
   Contam:    It causes magical contamination when unequipped.
Missiles
 L - 4 throwing nets (quivered)
Armour
 q - a +0 helmet (worn)
 s - a +0 tower shield (worn)
 B - a +0 pair of boots (worn)
 F - a scarf of resistance (worn)
 O - the +2 pair of gloves "Jassulink" (worn) {Fly rF- rCorr Slay+2}
   (You bought it in a shop on level 10 of the Dungeon)

   Slay:      It affects your accuracy & damage with ranged weapons and melee
   (+2).
   rF:        It makes you vulnerable to fire.
   Fly:       It grants you flight.
   rCorr:     It protects you from acid and corrosion.
 W - the +12 chain mail "Kutaomn" (worn) {rElec rC+ Str+2 Int+4}
   (You found it on level 5 of the Lair of Beasts)

   Str:       It affects your strength (+2).
   Int:       It affects your intelligence (+4).
   rC:        It protects you from cold.
   rElec:     It insulates you from electricity.
 Y - a +0 kite shield
Jewellery
 c - a +6 ring of strength (left hand)
 j - a ring of ice
 l - a ring of poison resistance (right hand)
 t - a +4 ring of protection
 y - a +6 ring of strength
 z - a ring of protection from cold
 E - a ring of protection from cold
 G - a ring of resist corrosion
 I - an amulet of reflection (around neck)
 N - a ring of protection from fire
Wands
 C - a wand of acid (3)
 P - a wand of polymorph (3)
 Z - a wand of digging (4)
Scrolls
 e - 11 scrolls of immolation
 m - 6 scrolls of noise
 o - 12 scrolls of teleportation
 r - 5 scrolls of enchant weapon
 u - 2 scrolls of fear
 v - 5 scrolls of poison
 D - 10 scrolls of identify
 J - 2 scrolls of fog
 K - 3 scrolls of magic mapping
 Q - a scroll of enchant armour
 R - 3 scrolls of amnesia
 S - a scroll of brand weapon
 V - 4 scrolls of blinking
Potions
 b - 4 potions of brilliance
 d - 4 potions of might
 f - 3 potions of heal wounds
 g - 2 potions of invisibility
 h - 4 potions of lignification
 i - 17 potions of curing
 k - 4 potions of magic
 n - 6 potions of mutation
 p - 5 potions of resistance
 w - a potion of berserk rage
 x - 2 potions of ambrosia
 A - 6 potions of flight
 H - 2 potions of attraction
 T - 4 potions of haste


   Skills:
 * Level 19.8(24.8) Fighting
 + Level 19.9(24.9) Polearms
 * Level 12.7(17.7) Armour
 + Level 16.5(21.5) Dodging
 + Level 13.3(18.3) Shields
 - Level 8.3 Invocations


You had 17 spell levels left.
You didn't know any spells.
Your spell library contained the following spells:

 Spells                   Type           Power      Damage    Failure   Level
 Apportation              Tloc           0%         N/A       80%         1
 Necrotise                Necr           0%         1d4       80%         1
 Shock                    Conj/Air       0%         1d3       80%         1
 Sting                    Tmut/Pois      0%         1d3       80%         1
 Ensorcelled Hibernation  Hex/Ice        0%         N/A       90%         2
 Lesser Beckoning         Tloc           0%         N/A       90%         2
 Passwall                 Tmut/Erth      0%         N/A       90%         2
 Poisonous Vapours        Pois/Air       0%         N/A       90%         2
 Gell's Gravitas          Tloc           0%         N/A       99%         3
 Ozocubu's Armour         Ice            0%         N/A       99%         3
 Swiftness                Air            0%         N/A       99%         3
 Teleport Other           Tloc           0%         N/A       99%         3
 Vhi's Electric Charge    Tloc/Air       0%         N/A       99%         3
 Airstrike                Air            0%         2d(0-16)  100%        4
 Anguish                  Hex/Necr       0%         N/A       100%        4
 Cause Fear               Hex            0%         N/A       100%        4
 Arcjolt                  Conj/Air       0%         1d10      100%        5
 Eringya's Noxious Bog    Tmut/Pois      0%         N/A       100%        6
 Plasma Beam              Fire/Air       0%         2x1d11    100%        6
 Dragon Form              Tmut           0%         N/A       100%        7
 Enfeeble                 Hex            0%         N/A       100%        7
 Ozocubu's Refrigeration  Ice            0%         4d7       100%        7
 Summon Small Mammal      Summ           Unusable   N/A       N/A         1
 Dragon's Call            Summ           Unusable   N/A       N/A         9

Dungeon Overview and Level Annotations

Branches:
Dungeon (15/15)            Temple (1/1) D:4            Lair (5/5) D:10
 Shoals (0/4) Lair:3        Snake (4/4) Lair:2        Slime (0/5) Lair:4
    Orc (2/2) D:10            Elf (0/3) Orc:2        Vaults (0/5) D:13
 Depths (0/4) D:15          Sewer (visited)         Ossuary (visited)
 Bailey (visited)

Altars:
Ashenzari
Cheibriados
Dithmenos
Elyvilon
Fedhas
Gozag
Hepliaklqana
Kikubaaqudgha
Makhleb
Nemelex Xobeh
Okawaru
Qazlal
Ru
Sif Muna
Trog
Uskayaw
Vehumet
Wu Jian
Xom
Yredelemnul
Zin
The Shining One
Jiyva

Shops:
D:6 [*   D:10 [   D:15 [   Orc:1 (   Orc:2 [*=[(

Annotations:
D:9 Harold


Innate Abilities, Weirdness & Mutations

((You are very nimble when in or above water. (Stealth+, EV+, Speed+++)))
Your lower body shifts to a powerful aquatic tail in water.


Message History

You block splash of poison... and reflect it back!
The splash of poison hits the nagaraja but does no damage.
The nagaraja constricts you.
You completely miss the nagaraja.
The nagaraja is severely wounded.
You feel sick. You block the nagaraja's attack.
You block the guardian serpent's attack.
You puncture the nagaraja! You drain the nagaraja.
The nagaraja is almost dead.
You feel sick.
You impale the nagaraja!!
You kill the nagaraja!
Okawaru accepts your kill.
You feel sick.
You block the guardian serpent's attack.
You hit the nagaraja. You drain the nagaraja.
The nagaraja is lightly wounded.
You feel sick. The nagaraja spits poison at you.
You block splash of poison... and reflect it back!
The splash of poison hits the nagaraja.
The nagaraja completely resists.
The nagaraja constricts you.
* * * LOW HITPOINT WARNING * * *
You puncture the nagaraja!
The nagaraja is moderately wounded.
You feel sick.
The guardian serpent coils itself and waves its upper body at you.
The naga warrior blinks into view!
You block the naga warrior's attack.
You block the guardian serpent's attack.
You hear a shout!
As you read the scroll of fear, it crumbles to dust.
You assume a fearsome visage.
The naga looks frightened!
The naga warrior resists with almost no effort.
The guardian serpent looks frightened!
The naga warrior easily resists.
The naga mage looks frightened!
The guardian serpent looks frightened!
The nagaraja easily resists.
The nagaraja looks frightened!
The naga sharpshooter looks frightened!
You feel sick.
A naga ritualist comes into view. It is wielding a +3 dire flail.
The nagaraja hits you with a +0 club!!
You die...

###......#...#
#....#..#...#
#######.#.S.#
#.#...#
#.##..##
####...#
#..N##
##..)###
#..†N@#
##..NNS...NNN
###.......N.
###......#
#######


You could see 2 nagarajas, 2 naga warriors, a naga sharpshooter (strong,
fleeing), a naga ritualist, a guardian serpent (fleeing), a naga mage (fast,
fleeing) and a naga (strong, fleeing).

Vanquished Creatures
  Saint Roka (Orc:2)
  Nikola (Snake:2)
  Rupert (D:13)
  A tentacled starspawn (Abyss:2)
  8 nagarajas
  Aizul (Snake:2)
  The ghost of PaleRider the Fighter, a journeyman OpTm of Gozag (D:13)
  2 orc warlords
  Snorg (Lair:5)
  A merfolk impaler (D:13)
  Josephine (Lair:3)
  Fannar (Lair:3)
  4 catoblepae
  A salamander tyrant (Snake:4)
  8 hydras
  Erolcha (D:9)
  17 anacondas
  2 boulder beetles (D:13)
  10 two-headed ogres
  2 ogre magi (D:15)
  3 alligator snapping turtles (Snake:2)
  7 centaur warriors
  2 tengu warriors
  12 death yaks (Lair:5)
  10 naga warriors
  An alligator (Snake:2)
  An orc high priest (Orc:2)
  17 naga sharpshooters
  15 shock serpents
  Nergalle (Orc:1)
  4 skeletal warriors
  2 skysharks
  A shadow wraith (Abyss:2)
  A fire crab (shapeshifter) (D:13)
  4 goliath frogs (Snake:2)
  2 salamander mystics
  3 sea snakes (Snake:2)
  A deep troll (D:13)
  A glowing orange brain (D:15)
  3 deep elf pyromancers
  Pikel (D:7)
  4 naga ritualists
  An obsidian statue (D:10)
  A wizard (D:14)
  6 orc knights
  A lindwurm (Lair:4)
  9 mana vipers
  2 harpies (Lair:3)
  4 orc sorcerers
  9 ugly things
  10 salamanders
  6 manticores
  16 elephants
  6 cyclopes
  39 black mambas
  12 naga magi
  7 guardian serpents
  9 cane toads
  4 gargoyles
  2 torpor snails (Lair:4)
  Maggie (D:6)
  2 unseen horrors (D:13)
  7 komodo dragons
  2 kobold demonologists (D:13)
  3 rime drakes
  3 meliai (D:14)
  8 trolls
  A hornet (shapeshifter) (D:13)
  2 polar bears
  16 dream sheep
  A raiju (Abyss:2)
  A large abomination (Abyss:2)
  28 blink frogs
  A snapping turtle (Snake:2)
  3 water elementals (D:14)
  A shadow (D:12)
  23 slime creatures
  9 wraiths
  7 wyverns
  A spriggan (shapeshifter) (D:13)
  2 vampires
  A human (shapeshifter) (D:14)
  3 basilisks
  A steam dragon (D:6)
  47 yaks
  45 nagas
  5 vampire mosquitoes (D:13)
  An acid dragon (D:13)
  4 wargs
  11 water moccasins
  46 orc warriors
  An ice beast (D:5)
  A sky beast (shapeshifter) (D:15)
  12 ogres
  6 black bears
  18 centaurs
  A lemure (D:7)
  15 kobold brigands
  2 gnoll sergeants
  3 scorpions
  12 bullfrogs
  5 water moccasin zombies (Ossuary)
  8 wights
  8 killer bees
  3 howler monkeys
  8 electric eels
  7 crimson imps (D:10)
  3 hounds
  13 orc priests
  A gnoll bouda (D:5)
  4 iguanas
  25 orc wizards
  2 mummies (Ossuary)
  12 gnolls
  8 adders
  3 river rats
  3 white imps
  2 ufetubi
  2 adder zombies (Ossuary)
  5 worms
  2 dart slugs
  87 orcs
  7 bats
  An endoplasm (shapeshifter) (D:13)
  7 endoplasms
  4 giant cockroaches
  5 gnoll zombies (Ossuary)
  4 goblins
  9 hobgoblins
  3 jackals (D:2)
  5 quokkas
  8 ball pythons
  A frilled lizard (D:1)
  8 hobgoblin zombies (Ossuary)
  21 kobolds
  2 kobold zombies (Ossuary)
  An orc zombie (Ossuary)
  16 rats
975 creatures vanquished.

Vanquished Creatures (others)
  A black mamba (Snake:2)
  4 spectral weapons
5 creatures vanquished.

Grand Total: 980 creatures vanquished

Notes
Turn   | Place    | Note
-------+----------+-------------------------------------------
     0 | D:1      | vineage the Merfolk Fighter began the quest for the Orb.
     0 | D:1      | Reached XP level 1. HP: 18/18 MP: 1/1
   133 | D:1      | Reached XP level 2. HP: 20/24 MP: 2/2
   619 | D:1      | Reached skill level 1 in Dodging
   913 | D:2      | Reached XP level 3. HP: 22/29 MP: 3/3
  1897 | D:3      | Reached XP level 4. HP: 37/37 MP: 4/4
  2096 | D:3      | Found a faded altar of an unknown god.
  2274 | D:4      | Noticed a scorpion
  2278 | D:4      | Killed a scorpion
  2279 | D:4      | Reached XP level 5. HP: 42/42 MP: 5/5
  2426 | D:4      | Found a glowing drain.
  2435 | Sewer    | Entered a sewer
  2474 | Sewer    | Noticed a kobold brigand
  2483 | Sewer    | Killed a kobold brigand
  2484 | Sewer    | Reached skill level 5 in Polearms
  2484 | Sewer    | Reached XP level 6. HP: 45/48 MP: 6/6
  2847 | Sewer    | Reached XP level 7. HP: 55/55 MP: 7/7
  3098 | D:4      | Found a staircase to the Ecumenical Temple.
  3161 | Temple   | Entered the Ecumenical Temple
  3566 | Temple   | Became a worshipper of Warmaster Okawaru
  3962 | D:5      | Entered Level 5 of the Dungeon
  4075 | D:5      | Reached skill level 5 in Fighting
  4477 | D:5      | Reached skill level 1 in Invocations
  4483 | D:5      | Reached XP level 8. HP: 59/62 MP: 8/8
  4883 | D:6      | Noticed Maggie
  4890 | D:6      | Reached * piety under Okawaru
  4906 | D:6      | Killed Maggie
  4907 | D:6      | Reached skill level 5 in Dodging
  4907 | D:6      | Reached skill level 5 in Shields
  4909 | D:6      | Reached XP level 9. HP: 26/69 MP: 9/11
  5182 | D:6      | Found Ibbudaaz's Incredible Inventory.
  5191 | D:6      | Reached ** piety under Okawaru
  5745 | D:6      | Found Xufuug's Antique Armour Emporium.
  6420 | D:7      | Noticed Pikel
  6433 | D:7      | Killed Pikel
  6433 | D:7      | Reached *** piety under Okawaru
  6434 | D:7      | Reached skill level 10 in Polearms
  6545 | D:8      | Found a sand-covered staircase.
  6557 | D:8      | Reached XP level 10. HP: 62/77 MP: 13/13
  6559 | D:8      | Found a snail-covered altar of Cheibriados.
  6571 | Ossuary  | Entered an ossuary
  6887 | D:8      | Found a flagged portal.
  7033 | Bailey   | Entered a bailey
  7109 | Bailey   | Noticed an orc knight
  7123 | Bailey   | Killed an orc knight
  7123 | Bailey   | Reached **** piety under Okawaru
  7188 | Bailey   | Reached skill level 5 in Armour
  7365 | Bailey   | Found a burning altar of Makhleb.
  8058 | D:9      | Noticed Erolcha
  8059 | Abyss:2  | Cast into level 2 of the Abyss (Erolcha)
  8091 | Abyss:2  | Killed a shadow wraith
  8092 | Abyss:2  | Reached XP level 11. HP: 73/86 MP: 14/14
  8144 | Abyss:2  | Noticed a tentacled starspawn
  8155 | Abyss:2  | Killed a tentacled starspawn
  8155 | Abyss:2  | Reached ***** piety under Okawaru
  8178 | D:9      | Escaped the Abyss
  8557 | D:9      | Killed Erolcha
  8787 | D:9      | Noticed a two-headed hydra
  8793 | D:9      | Killed a two-headed hydra
  8866 | D:9      | Noticed a two-headed ogre
  8875 | D:9      | Killed a two-headed ogre
  8875 | D:9      | Identified the +11 trident "Qaih Dun" {drain, Contam rF+
                  | Int+3 SInv} (Okawaru gifted it to you on level 9 of the
                  | Dungeon)
  8875 | D:9      | Received a gift from Okawaru
  8886 | D:9      | Noticed Harold
  8892 | D:9      | Noticed a two-headed ogre
  8902 | D:10     | Entered Level 10 of the Dungeon
  8904 | D:10     | Noticed a two-headed ogre
  8914 | D:10     | Killed a two-headed ogre
  9174 | D:10     | Noticed a skeletal warrior
  9195 | D:10     | Noticed a skeletal warrior
  9198 | D:10     | Killed a skeletal warrior
  9198 | D:10     | Received a gift from Okawaru
  9199 | D:10     | Reached XP level 12. HP: 25/95 MP: 15/15
  9508 | D:9      | Killed a two-headed ogre
  9712 | D:10     | Found Egeyqynua's Antique Armour Boutique.
  9717 | D:10     | Bought a pair of brightly glowing gloves for 323 gold
                  | pieces
  9717 | D:10     | Identified the +2 pair of gloves "Jassulink" {Fly rF- rCorr
                  | Slay+2} (You bought it in a shop on level 10 of the
                  | Dungeon)
  9748 | D:10     | Noticed a soul eater
  9751 | D:10     | Reached skill level 10 in Dodging
  9896 | D:10     | Got Luybbum's Spellbook of Metamorphic Fumes
 10273 | D:10     | Found a staircase to the Orcish Mines.
 10403 | D:10     | Found a staircase to the Lair.
 10849 | D:11     | Reached skill level 15 in Polearms
 10984 | D:11     | Noticed a two-headed ogre
 10993 | D:11     | Killed a two-headed ogre
 11100 | D:11     | You are sucked into a shaft and drop 1 floor!
 11555 | D:12     | Noticed a catoblepas
 11566 | D:12     | Killed a catoblepas
 11566 | D:12     | Identified the +1 pair of gloves of Toteczei {Harm rPois}
                  | (Okawaru gifted it to you on level 12 of the Dungeon)
 11566 | D:12     | Received a gift from Okawaru
 11628 | D:12     | Noticed a centaur warrior
 11635 | D:12     | Killed a centaur warrior
 11827 | D:12     | Reached skill level 10 in Fighting
 11842 | D:12     | Reached XP level 13. HP: 80/103 MP: 16/16
 12167 | D:12     | Found a sparkling altar of Nemelex Xobeh.
 12754 | Lair:1   | Entered Level 1 of the Lair of Beasts
 13514 | Lair:2   | Found a staircase to the Snake Pit.
 14613 | Lair:3   | Found a staircase to the Shoals.
 14723 | Lair:3   | Received a gift from Okawaru
 15134 | Lair:3   | Noticed Fannar
 15147 | Lair:3   | Killed Fannar
 15255 | Lair:3   | Noticed Josephine
 15265 | Lair:3   | Killed Josephine
 15477 | Lair:4   | Reached skill level 10 in Shields
 15564 | Lair:4   | Reached XP level 14. HP: 114/114 MP: 17/17
 15656 | Lair:4   | Found a staircase to the Slime Pits.
 15657 | Lair:4   | Found a viscous altar of Jiyva.
 15746 | Lair:4   | Identified the +1 spear "Ketox" {drain, rElec rC- Will+
                  | Str+3} (Okawaru gifted it to you on level 4 of the Lair of
                  | Beasts)
 15746 | Lair:4   | Received a gift from Okawaru
 17111 | Lair:5   | Entered Level 5 of the Lair of Beasts
 17171 | Lair:5   | Reached ****** piety under Okawaru
 17265 | Lair:5   | Identified the +3 ring mail of Defence {Str+3 Int+3 Slay-2}
                  | (Okawaru gifted it to you on level 5 of the Lair of Beasts)
 17265 | Lair:5   | Received a gift from Okawaru
 18319 | Lair:5   | Noticed Snorg
 18335 | Lair:5   | Killed Snorg
 18336 | Lair:5   | Reached XP level 15. HP: 112/124 MP: 18/18
 18668 | Lair:5   | Identified the +12 chain mail "Kutaomn" {rElec rC+ Str+2
                  | Int+4}
 19202 | Orc:1    | Entered Level 1 of the Orcish Mines
 19317 | Orc:1    | Noticed Nergalle
 19328 | Orc:1    | Killed Nergalle
 19424 | Orc:1    | Found Viugg's Antique Weapon Shop.
 19646 | Orc:2    | Entered Level 2 of the Orcish Mines
 19646 | Orc:2    | Noticed an orc warlord
 19722 | Orc:2    | Identified the +0 troll leather armour "Rinot" {Fly Regen+
                  | Str+3 Int+4} (Okawaru gifted it to you on level 2 of the
                  | Orcish Mines)
 19722 | Orc:2    | Received a gift from Okawaru
 19754 | Orc:2    | Killed an orc warlord
 19916 | Orc:2    | Noticed an orc warlord
 20049 | Orc:1    | Killed an orc warlord
 20050 | Orc:1    | Reached skill level 10 in Armour
 20168 | Orc:2    | Found Fuuxt's Antique Weapon Shop.
 20350 | Orc:2    | Noticed Saint Roka
 20369 | Orc:2    | Killed Saint Roka
 20651 | Orc:2    | Found Nailexto's Antique Armour Shoppe.
 20654 | Orc:2    | Found a staircase to the Elven Halls.
 20687 | Orc:2    | Found Wamn's General Store.
 20839 | Orc:2    | Found Kereriph's Antique Armour Shop.
 20853 | Orc:2    | Found Focag's Jewellery Shop.
 21161 | D:13     | Noticed Rupert
 21171 | D:13     | Paralysed by Rupert for 3 turns
 21383 | D:13     | Reached skill level 5 in Invocations
 21694 | D:13     | Found a runed translucent gate.
 21695 | D:13     | Found a runed translucent gate.
 21697 | D:13     | Found a runed translucent gate.
 21698 | D:13     | Identified the +9 scimitar of a Billion Knaves {drain, rN+
                  | Dex+2}
 21698 | D:13     | Noticed PaleRider's ghost (journeyman OpTm)
 21732 | D:13     | Killed Rupert
 21732 | D:13     | Received a gift from Okawaru
 21740 | D:13     | Reached XP level 16. HP: 99/134 MP: 12/20
 21970 | D:13     | Received a gift from Okawaru
 22145 | D:13     | Found a gate to the Vaults.
 22522 | D:13     | Found an iron altar of Okawaru.
 22555 | D:13     | Killed PaleRider's ghost
 22730 | D:13     | Identified 2 scrolls of acquirement
 22730 | D:13     | Acquired 625 gold pieces
 22738 | D:13     | Acquired a manual of Fighting
 23289 | D:14     | Reached skill level 15 in Fighting
 23436 | D:14     | Identified the +3 ring mail of Ite Fus {Dex+4 Stlth+}
                  | (Okawaru gifted it to you on level 14 of the Dungeon)
 23436 | D:14     | Received a gift from Okawaru
 23965 | D:15     | Entered Level 15 of the Dungeon
 24390 | D:15     | Found a staircase to the Depths.
 24514 | D:15     | Found Yjeuch's Antique Armour Boutique.
 24991 | Snake:1  | Entered Level 1 of the Snake Pit
 25716 | Snake:1  | Reached skill level 15 in Dodging
 26213 | Snake:1  | Reached XP level 17. HP: 136/145 MP: 23/23
 26492 | Snake:2  | Received a gift from Okawaru
 26672 | Snake:2  | Noticed Nikola
 26682 | Snake:2  | Noticed Aizul
 26907 | Snake:2  | Killed Nikola
 27029 | Snake:2  | Killed Aizul
 28202 | Snake:2  | Received a gift from Okawaru
 29536 | Snake:3  | Received a gift from Okawaru
 29540 | Snake:3  | Reached XP level 18. HP: 124/158 MP: 11/24
 30695 | Snake:4  | Entered Level 4 of the Snake Pit
 31212 | Snake:4  | Identified the +5 ring mail "Zorhiff" {+Inv Fly SInv}
                  | (Okawaru gifted it to you on level 4 of the Snake Pit)
 31212 | Snake:4  | Received a gift from Okawaru
 31517 | Snake:4  | Slain by a nagaraja

Illustrated notes

Levels and vault maps discovered:
D:1:      saegor_arrival_simple_d, layout_loops_ring
D:2:      layout_basic, minmay_misc_feat_diagonals
D:3:      layout_rooms, shapermc_ecumenical_altar_hornbeckon,
          kennysheep_generic_room_6
D:4:      layout_loops_ring, minmay_temple_entry_nine_rooms,
          portal_sewer_entry_e
D:5:      layout_loops_ring
D:6:      layout_basic, serial_shops, nicolae_shop_tiny_statue_garden,
          hangedman_glass_teeth, nicolae_alphabet_shops, kennysheep_flooded_box,
          uniq_maggie
D:7:      layout_basic, chequers_serial_rivers_micro_d, minivault_26,
          corexii_corridor_pit, uniq_pikel
D:8:      layout_rooms, overflow_temple_1_default, enter_ossuary_3,
          enter_bailey_2
D:9:      layout_rooms, hangedman_ranch, uniq_erolcha, uniq_harold
D:10:     layout_loops_ring, david_lair_generic, hiddenorc2_lemuel,
          serial_shops, nicolae_square_shop, minivault_16,
          chequers_serial_rivers_small_b, minmay_nine_imps
D:11:     layout_gridville, corexii_leaking_fountain, solitary_fountain
D:12:     layout_basic, serial_rivers, chequers_serial_rivers_small_a,
          chequers_serial_rivers_large_b, chequers_serial_rivers_small_a,
          chequers_serial_rivers_room_a, chequers_serial_rivers_small_3,
          chequers_serial_rivers_small_a, nemelex_diamond_rough_becter
D:13:     nzn_winding_woodlands_stair_trap [nzn_winding_woodlands_5x15_cabin,
          nzn_winding_woodlands_5x15_river_crossing,
          nzn_winding_woodlands_5x15_jagged,
          nzn_winding_woodlands_15x15_killbox,
          nzn_winding_woodlands_5x15_crooked, nzn_winding_woodlands_5x15_eye,
          nzn_winding_woodlands_5x15_lazy_stream], layout_basic, david_vaults_4,
          gammafunk_ghost_fury_of_okawaru, kennysheep_generic_room_16,
          uniq_rupert
D:14:     layout_basic
D:15:     gammafunk_enter_depths_forms, layout_rooms, serial_shops,
          nicolae_shop_tiny_glass
Temple:   mainiacjoe_temple_trianglar_array
Lair:1:   layout_gridlike, chequers_serial_rivers_large_a, lemuel_fruit_tree,
          serial_bayou_shore_b
Lair:2:   layout_gridlike, guppyfry_snake_entry_garden,
          infiniplex_staircase_pool
Lair:3:   layout_concentric_octagons, nicolae_shoals_entry_roost,
          uniq_josephine, uniq_fannar
Lair:4:   layout_roguey, slime_entry_1
Lair:5:   evilmike_catoblepas_cave, layout_loops_ring, serial_bayou_shore_a,
          uniq_snorg
Snake:1:  layout_chambers, grunt_megastairs_5
Snake:2:  kennysheep_snake, layout_grid_shapes,
          nicolae_snake_herptile_family_reunion, uniq_nikola, uniq_aizul
Snake:3:  layout_grid_maze
Snake:4:  grunt_snake_rune_spirals, layout_onion_interference, st_stairs_1
Orc:1:    layout_caves, serial_shops, nicolae_shop_waterfront, uniq_nergalle
Orc:2:    grunt_orc_cross, layout_diamond_mine, serial_shops, shop,
          uniq_saint_roka

Skill      XL: |  1  2  3  4  5  6  7  8  9 10 11 12 13 14 15 16 17 18 |
---------------+-------------------------------------------------------+-----
Polearms       | 3 4 5 6 7 8 10 12 14 15 16 17 18 19 | 19.9
Dodging        | 1 2 3 4 5 6 8 9 11 12 13 14 15 16 | 16.5
Fighting       | 4 5 6 7 9 10 11 13 14 16 18 19 | 19.8
Armour         | 3 4 5 6 7 8 9 10 11 12 | 12.7
Shields        | 4 5 6 7 8 9 10 11 12 13 | 13.3
Invocations    | 1 2 4 5 8 |  8.3

Action                     |  1- 3 |  4- 6 |  7- 9 | 10-12 | 13-15 | 16-18 || total
---------------------------+-------+-------+-------+-------+-------+-------++-------
  Melee: Trident           |   141 |    88 |   216 |   586 |  1192 |  1228 ||  3451
         Tailslap          |       |     7 |       |       |       |       ||     7
 Invoke: Heroism           |       |       |       |    13 |    14 |     9 ||    36
         Finesse           |       |       |       |       |     1 |     2 ||     3
    Use: Scroll            |     8 |     3 |     5 |     3 |    13 |     7 ||    39
         Potion            |       |       |     1 |     1 |     4 |     4 ||    10
   Stab: Distracted        |       |     1 |     3 |     7 |       |       ||    11
 Armour: Scale mail        |    43 |       |       |       |       |       ||    43
         Plate armour      |     2 |    14 |    67 |   114 |   162 |       ||   359
         Chain mail        |       |       |       |       |    66 |   274 ||   340
  Dodge: Dodged            |    53 |    17 |    44 |   127 |   287 |   324 ||   852
  Block: Buckler           |    24 |    11 |    28 |   110 |   240 |       ||   413
         Reflection        |       |       |       |     7 |    22 |   122 ||   151
         Kite shield       |       |       |       |       |   313 |   489 ||   802
         Tower shield      |       |       |       |       |       |   303 ||   303

Table legend: (Time is in decaauts)
 A = Elapsed time spent in this place.
 B = Non-inter-level travel time spent in this place.
 C = Inter-level travel time spent in this place.
 D = Time resting spent in this place.
 E = Time spent auto-exploring this place.
 F = Levels seen in this place.
 G = Mean time per level.
                   A        B        C        D        E       F      G
               +--------+--------+--------+--------+--------+-----+--------+
         Total |  30237 |  28434 |   1803 |   4307 |  19374 |  31 |  975.4 |
       Dungeon |  14672 |  13745 |    927 |   1187 |  10494 |  15 |  978.1 |
        Temple |    421 |    391 |     30 |      0 |    388 |   1 |  421.0 |
          Lair |   6144 |   5833 |    311 |   1012 |   3931 |   5 | 1228.8 |
     Snake Pit |   6209 |   5772 |    437 |   1681 |   3082 |   4 | 1552.2 |
  Orcish Mines |   1723 |   1625 |     98 |    276 |   1016 |   2 |  861.5 |
         Abyss |    112 |    112 |      0 |      0 |      0 |   1 |  112.0 |
         Sewer |    397 |    397 |      0 |      0 |    254 |   1 |  397.0 |
       Ossuary |    206 |    206 |      0 |      0 |    139 |   1 |  206.0 |
        Bailey |    348 |    348 |      0 |    150 |     68 |   1 |  348.0 |
               +--------+--------+--------+--------+--------+-----+--------+

Top non-repeatable levels by time:
 Snake:2: 2756 daAuts
  Lair:5: 1860 daAuts
 Snake:3: 1705 daAuts
    D:13: 1632 daAuts
  Lair:4: 1624 daAuts
 Snake:1: 1383 daAuts
    D:12: 1381 daAuts
    D:10: 1352 daAuts
     D:8: 1300 daAuts
   Orc:2: 1159 daAuts
    D:14: 1133 daAuts
  Lair:3: 954 daAuts
  Lair:2: 950 daAuts
     D:6: 946 daAuts
     D:5: 883 daAuts
